 Dungeon Crawl Stone Soup version 0.26.1-11-gd32895ea62 (webtiles) character file.

Game seed: 3586165137195452473

84 Zeld the Sneak (level 4, -2/29 HPs)
             Began as an Octopode Brigand on May 23, 2021.
             Killed by nerve-wracking pain
             ... invoked by an orc priest
              (14 damage)
             ... on level 3 of the Dungeon.
             The game lasted 00:01:28 (1731 turns).

Zeld the Sneak (Octopode Brigand)                   Turns: 1731, Time: 00:01:30

Health: -2/29      AC:  1    Str: 11    XL:     4   Next: 46%
Magic:  4/4        EV: 13    Int: 13    God:
Gold:   148        SH:  0    Dex: 13    Spells: 3/3 levels left

rFire    . . .     SeeInvis .   m - +1 dagger (venom)
rCold    . . .     Faith    .   (no shield)
rNeg     . . .     Spirit   .   f - +0 hat {Will+}
rPois    .         Reflect  .   (no amulet)
rElec    .         Harm     .   (no ring)
rCorr    .         Rampage  .   (no ring)
Will     +....                  (no ring)
Stlth    ++++......             (no ring)
HPRegen  0.09/turn              (no ring)
MPRegen  0.09/turn              (no ring)
                                (no ring)
                                (no ring)

@: no status effects
A: almost no armour, stealthy swim, amphibious, 8 rings, constrict 8, camouflage
1, gelatinous body 1
a: no special abilities


You were on level 3 of the Dungeon.
You visited 1 branch of the dungeon, and saw 3 of its levels.

You collected 148 gold pieces.

Inventory:

Hand Weapons
 a - a +2 dagger
 m - a +1 dagger of venom (weapon)
Missiles
 b - 16 poisoned darts (quivered)
 c - 2 curare-tipped darts
Armour
 f - a +0 hat of willpower (worn)
Jewellery
 l - an uncursed ring of fire {unknown}
Wands
 o - a wand of enslavement (8)
Scrolls
 d - a scroll of amnesia {unknown}
 e - 3 scrolls of identify {unknown}
 h - 2 scrolls of blinking {unknown}
 j - a scroll of random uselessness {unknown}
 q - a scroll of fear {unknown}
 r - a scroll of remove curse {unknown}
Potions
 g - a potion of flight {unknown}
 i - a potion of invisibility {unknown}
 k - a potion of attraction {unknown}
 n - a potion of resistance {unknown}
 p - a potion of brilliance {unknown}


   Skills:
 - Level 2.0 Fighting
 * Level 3.5 Short Blades
 * Level 3.4 Throwing
 - Level 1.0 Dodging
 - Level 5.3 Stealth


You had 3 spell levels left.
You didn't know any spells.
Your spell library was empty.

Dungeon Overview and Level Annotations

Branches:
Dungeon (3/15)

Altars:
Makhleb


Innate Abilities, Weirdness & Mutations

You cannot wear most types of armour.
You are very stealthy in the water. (Stealth+)
You are amphibious.
You can wear up to eight rings at the same time.
You can use your tentacles to constrict eight enemies at once.
Your skin changes colour to match your surroundings (Stealth+).
Your rubbery body absorbs attacks. (AC +1, EV +1)


Message History

The frilled lizard closely misses you. The orc priest closely misses you.
The orc hits you with a +0 club.
You are too injured to fight recklessly!
You are too injured to fight recklessly!
You release your grip on the orc priest.
Things that are here:
a +0 mace; a +0 ring mail You hit the orc priest but do no damage.
You grab the orc priest.
The orc priest is moderately wounded.
You constrict the orc priest.
The orc priest calls down the wrath of Beogh upon you.
You resist with some effort.
You hit the orc priest but do no damage.
The orc priest looks as sick as possible!
The orc priest is moderately wounded.
You constrict the orc priest, but do no damage.
The orc priest calls down the wrath of Beogh upon you.
Pain shoots through your body!
You die...

....#..##..##.... #..
..............)).... ##..
.............)......
..... ?........##.##..###
.....###...#...##.##..###
##.......................
....... ....#...#######.#
......o####.#...# #.#
......lo@.......# . .
.......####.#...# #
....... .....#.#
##.#.#..........#
................# # ##..
#.####...#... # #. #.
#....!## # .. #. #..#..#


You could see an orc priest (extremely poisoned), an orc and a frilled lizard.

Vanquished Creatures
  An adder (D:2)
  A shadow imp (D:2)
  A worm (D:2)
  A dart slug (D:2)
  5 leopard geckos
  5 orcs (D:3)
  6 giant cockroaches
  5 goblins
  5 hobgoblins
  3 kobolds
  3 ball pythons
  7 bats (D:1)
  4 frilled lizards
  3 rats
50 creatures vanquished.

Notes
Turn   | Place    | Note
-------+----------+-------------------------------------------
     0 | D:1      | Zeld the Octopode Brigand began the quest for the Orb.
     0 | D:1      | Reached XP level 1. HP: 14/14 MP: 1/1
    63 | D:1      | Reached XP level 2. HP: 19/19 MP: 2/2
   447 | D:1      | Reached XP level 3. HP: 24/24 MP: 3/3
  1023 | D:2      | Found a burning altar of Makhleb.
  1164 | D:2      | Reached XP level 4. HP: 18/29 MP: 4/4
  1731 | D:3      | Killed from afar by an orc priest

Illustrated notes

Levels and vault maps discovered:
D:1:      amcnicky_arrival_gap_in_the_tavern_cellar, layout_basic
D:2:      layout_rooms, makhleb_grotto_becter
D:3:      layout_basic, roderic_nine_men_s_morris

Skill      XL: |  1  2  3 |
---------------+----------+-----
Short Blades   | 3 |  3.5
Throwing       | 3 |  3.4
Fighting       | |  2.0
Dodging        | |  1.0
Stealth        | |  5.3

Action                   |  1- 3 |  4- 6 || total
-------------------------+-------+-------++-------
Melee: Dagger            |    68 |    24 ||    92
       Constrict         |    15 |     9 ||    24
       Tentacles         |     8 |     4 ||    12
 Stab: Sleeping          |    17 |     2 ||    19
Armor: Skin              |     3 |       ||     3
Dodge: Dodged            |    24 |    19 ||    43
